 Dungeon Crawl Stone Soup version 0.27.0-1-g7a089689b8 (webtiles) character file.

Game seed: 11223061388849035088

52 Descartes the Shield-Bearer (level 3, -3/19 HPs)
             Began as a Vine Stalker Fighter on Aug 15, 2021.
             Slain by an ufetubus (4 damage)
             ... on level 2 of the Dungeon.
             The game lasted 00:01:56 (1206 turns).

Descartes the Shield-Bearer (Vine Stalker Fighter)  Turns: 1206, Time: 00:01:57

Health: -3/19      AC:  7    Str: 18    XL:     3   Next: 85%
Magic:  0/4        EV:  7    Int:  9    God:
Gold:   42         SH:  9    Dex: 13    Spells: 2/2 levels left

rFire    . . .     SeeInvis .   a - +0 war axe
rCold    . . .     Faith    .   c - +0 kite shield
rNeg     . . .     Spirit   +   b - +0 scale mail
rPois    .         Reflect  .   (no helmet)
rElec    .         Harm     .   e - +0 cloak
rCorr    .         Rampage  .   (no gloves)
Will     .....                  (no boots)
Stlth    ..........             (no amulet)
HPRegen  0.06/turn              (no ring)
MPRegen  0.09/turn              (no ring)

@: no status effects
A: fangs 2, magic shield, antimagic bite, no potion heal 2
a: no special abilities


You were on level 2 of the Dungeon.
You visited 1 branch of the dungeon, and saw 2 of its levels.

You collected 42 gold pieces.

Inventory:

Hand Weapons
 a - a +0 war axe (weapon)
Missiles
 f - 48 arrows
 g - 93 stones (quivered)
 h - 18 bolts
Armour
 b - a +0 scale mail (worn)
 c - a +0 kite shield (worn)
 e - a +0 cloak (worn)
Potions
 d - a potion of might


   Skills:
 - Level 2.6 Fighting
 - Level 1.7 Axes
 - Level 2.4 Armour
 + Level 4.2 Shields


You had 2 spell levels left.
You didn't know any spells.
Your spell library was empty.

Dungeon Overview and Level Annotations

Branches:
Dungeon (2/15)

Altars:

Shops:
D:1 (


Innate Abilities, Weirdness & Mutations

You have extremely sharp teeth.
When hurt, damage is shared between your health and your magic reserves.
Your bite disrupts and absorbs the magic of your enemies.
Potions cannot restore your health.


Message History

You hit the ufetubus.
The ufetubus hits you but does no damage. x2
The ufetubus hits you.
The ufetubus hits you but does no damage.
You block the dart slug's attack.
The ufetubus hits you but does no damage. x2
You hit the dart slug.
The dart slug is severely wounded.
You hit the ufetubus but do no damage. The ufetubus closely misses you.
The ufetubus hits you but does no damage.
The dart slug closely misses you.
The ufetubus hits you but does no damage.
You block the ufetubus's attack.
You barely miss the ufetubus.
The ufetubus is moderately wounded.
You hit the dart slug.
You kill the dart slug!
The ufetubus hits you but does no damage.
The ufetubus hits you.
The ufetubus hits you but does no damage.
The ufetubus barely misses you. The ufetubus closely misses you.
The ufetubus barely misses you.
You closely miss the ufetubus. Your bite misses the ufetubus.
The ufetubus is moderately wounded.
You block the ufetubus's attack. The ufetubus hits you.
The ufetubus barely misses you.
The ufetubus hits you but does no damage.
Unknown command.
You closely miss the ufetubus.
The ufetubus is moderately wounded.
The ufetubus hits you.
* * * LOW HITPOINT WARNING * * *
You block the ufetubus's attack. The ufetubus hits you.
You block the ufetubus's attack. The ufetubus hits you.
* * * LOW HITPOINT WARNING * * *
The ufetubus hits you but does no damage.
The ufetubus barely misses you. You block the ufetubus's attack.
The ufetubus hits you. The ufetubus closely misses you.
You block the ufetubus's attack. The ufetubus hits you.
You die...

## ##.# ###############
##.... .....##.......#
...... ...##.#####.#
.....#### #.##.#####.##
#....####.....).#...###
#..#.5@....)...<.......
#............)###...###
###.#.#####.###†.###.##
####....|#
#.###..)##...
#........#
#.#.#.....####
#........# #..........#
#...†....#
###...♣P♣...#
...........#
#.#...P...#
.......#####
#.#.....|##


You could see an ufetubus.

Vanquished Creatures
  A hound skeleton (D:2)
  2 dart slugs
  A worm (D:1)
  2 ball pythons (D:1)
  5 bats (D:1)
  4 endoplasms (D:1)
  3 giant cockroaches (D:1)
  2 goblins
  2 hobgoblins
  2 jackals (D:1)
  2 kobolds
  A frilled lizard (D:1)
  A rat (D:1)
28 creatures vanquished.

Notes
Turn   | Place    | Note
-------+----------+-------------------------------------------
     0 | D:1      | Descartes the Vine Stalker Fighter began the quest for the
                  | Orb.
     0 | D:1      | Reached XP level 1. HP: 11/11 MP: 2/2
    35 | D:1      | Found a faded altar of an unknown god.
   105 | D:1      | Reached skill level 3 in Shields
   229 | D:1      | Reached XP level 2. HP: 16/16 MP: 3/3
   334 | D:1      | Found Uczueganne's Weapon Shop.
   509 | D:1      | Reached XP level 3. HP: 19/19 MP: 4/4
  1077 | D:2      | Reached skill level 4 in Shields
  1206 | D:2      | Slain by an ufetubus

Illustrated notes

Levels and vault maps discovered:
D:1:      ebering_trefoil_3fold, layout_rooms, serial_shops,
          nicolae_square_shop, chequers_ecumenical_altar_simple_redux,
          kennysheep_crisscross
D:2:      layout_loops_ring, kennysheep_cluttered_room,
          hangedman_decor_clover_reticule, serial_park_tiny_2,
          minmay_misc_feat_encased

Skill      XL: |  1  2  3 |
---------------+----------+-----
Shields        | 3 4 |  4.2
Fighting       | |  2.6
Axes           | |  1.7
Armour         | |  2.4

Action                   || total
-------------------------++-------
Melee: War axe           ||    77
       Bite              ||    15
Armor: Scale mail        ||    66
Dodge: Dodged            ||    40
Block: Kite shield       ||    59
